Workbook
Name abrégé: OFFSET('tarifs '!$C$3,,,ROWS(colj))
Name colb: OFFSET('tarifs '!$B$3,,,ROWS(colj))
Name colj: OFFSET('tarifs '!$J$3,,,COUNTIF('tarifs '!$J:$J,"><"))
Name dept: 'tarifs '!$C$2
Name Expedition: #REF!
Name FactureNom: #REF!
Name liste1: OFFSET(param!$A$2,,,COUNTIF(param!$A:$A,"><")-1)
Name NomSociété: #REF!
Name quantité: 'tarifs '!$D$2:$I$2
Name RechercheClient: #REF!
Name SousTotalFacture: #REF!
Name tarif: OFFSET('tarifs '!$D$3:$I$3,,,ROWS(colj))
Name TauxTVA: #REF!
Name TVA: #REF!
Name Versement: #REF!

Sheet tarifs 
B2: description complète produit | C2: abrégé | D2: 300 | E2: 500 | F2: 1000 | G2: 2000 | H2: 3000 | I2: 5000
B3: boitier cristal CD + livret 12 faces quadri avec jacquette deux faces quadri et plateau transparent Cello transport | C3: livret 12 faces | D3: 150 | E3: 200 | F3: 500 | G3: 1000 | H3: 1500 | I3: 2500 | J3: {=LEFT(B3,SEARCH(" ",B3,SMALL(IF(MID(B3,ROW($1:$30),1)=" ",ROW($1:$30),""),2)))} -> boitier cristal
B4: boitier cristal CD rondelle quadri + livret 16 faces quadri avec jacquette deux faces quadri et plateau transparent Cello transport | C4: livret 16 faces | D4: 160 | E4: 210 | F4: 510 | G4: 1100 | H4: 1600 | I4: 2600 | J4: {=LEFT(B4,SEARCH(" ",B4,SMALL(IF(MID(B4,ROW($1:$30),1)=" ",ROW($1:$30),""),2)))} -> boitier cristal
B5: boitier cristal CD rondelle quadri + livret 20 faces quadri avec jacquette deux faces quadri et plateau transparent Cello transport | C5: livret 20 faces | D5: 170 | E5: 180 | F5: 200 | G5: 1283 | H5: 1775 | I5: 2500 | J5: {=LEFT(B5,SEARCH(" ",B5,SMALL(IF(MID(B5,ROW($1:$30),1)=" ",ROW($1:$30),""),2)))} -> boitier cristal
B6: boitier cristal CD rondelle quadri + livret 4 faces quadri avec jacquette deux faces quadri et plateau transparent Cello transport | C6: livret 4 faces | D6: 180 | E6: 642 | F6: 758 | G6: 1300 | H6: 1784 | I6: 2572 | J6: {=LEFT(B6,SEARCH(" ",B6,SMALL(IF(MID(B6,ROW($1:$30),1)=" ",ROW($1:$30),""),2)))} -> boitier cristal
B7: boitier cristal CD rondelle quadri + livret 6 faces pli roulé quadri avec jacquette deux faces quadri et plateau transparent Cello transport | C7: livret 6 faces pli roulé | D7: 190 | E7: 467 | F7: 704 | G7: 1300 | H7: 1825 | I7: 2667 | J7: {=LEFT(B7,SEARCH(" ",B7,SMALL(IF(MID(B7,ROW($1:$30),1)=" ",ROW($1:$30),""),2)))} -> boitier cristal
B8: boitier cristal CD rondelle quadri + livret 8 faces poster quadri avec jacquette deux faces quadri et plateau transparent Cello transport | C8: livret 8 faces poster | D8: 200 | E8: 483 | F8: 733 | G8: 1400 | H8: 2000 | I8: 2850 | J8: {=LEFT(B8,SEARCH(" ",B8,SMALL(IF(MID(B8,ROW($1:$30),1)=" ",ROW($1:$30),""),2)))} -> boitier cristal
B9: boitier cristal CD rondelle quadri + livret 8 faces quadri avec jacquette deux faces quadri et plateau transparent Cello transport | C9: livret 8 faces | D9: 300 | E9: 504 | F9: 767 | G9: 1600 | H9: 2200 | I9: 3062 | J9: {=LEFT(B9,SEARCH(" ",B9,SMALL(IF(MID(B9,ROW($1:$30),1)=" ",ROW($1:$30),""),2)))} -> boitier cristal
B10: BOITIER DVD AVEC CD Boitier DVD CD rondelle quadri avec jacquette deux faces quadri et plateau transparent Cello transport | C10: Boitier DVD CD | D10: 400 | E10: 638 | F10: 914 | G10: 1400 | H10: 1653 | I10: 2297 | J10: {=LEFT(B10,SEARCH(" ",B10,SMALL(IF(MID(B10,ROW($1:$30),1)=" ",ROW($1:$30),""),2)))} -> BOITIER DVD
B11: MINT PACK Produit imprimé tout en quadri, tranche intérieure comprise, rondelle de CD quadri Cello transport | C11: Mint Pack | D11: 500 | E11: 571 | F11: 667 | G11: 1200 | H11: 1542 | I11: 2375 | J11: {=LEFT(B11,SEARCH(" ",B11,SMALL(IF(MID(B11,ROW($1:$30),1)=" ",ROW($1:$30),""),2)))} -> MINT PACK
J12: {=LEFT(B12,SEARCH(" ",B12,SMALL(IF(MID(B12,ROW($1:$30),1)=" ",ROW($1:$30),""),2)))} -> #NUM!
J13: {=LEFT(B13,SEARCH(" ",B13,SMALL(IF(MID(B13,ROW($1:$30),1)=" ",ROW($1:$30),""),2)))} -> #NUM!
J14: {=LEFT(B14,SEARCH(" ",B14,SMALL(IF(MID(B14,ROW($1:$30),1)=" ",ROW($1:$30),""),2)))} -> #NUM!
J15: {=LEFT(B15,SEARCH(" ",B15,SMALL(IF(MID(B15,ROW($1:$30),1)=" ",ROW($1:$30),""),2)))} -> #NUM!
J16: {=LEFT(B16,SEARCH(" ",B16,SMALL(IF(MID(B16,ROW($1:$30),1)=" ",ROW($1:$30),""),2)))} -> #NUM!
J17: {=LEFT(B17,SEARCH(" ",B17,SMALL(IF(MID(B17,ROW($1:$30),1)=" ",ROW($1:$30),""),2)))} -> #NUM!
J18: {=LEFT(B18,SEARCH(" ",B18,SMALL(IF(MID(B18,ROW($1:$30),1)=" ",ROW($1:$30),""),2)))} -> #NUM!
J19: {=LEFT(B19,SEARCH(" ",B19,SMALL(IF(MID(B19,ROW($1:$30),1)=" ",ROW($1:$30),""),2)))} -> #NUM!
J20: {=LEFT(B20,SEARCH(" ",B20,SMALL(IF(MID(B20,ROW($1:$30),1)=" ",ROW($1:$30),""),2)))} -> #NUM!
J21: {=LEFT(B21,SEARCH(" ",B21,SMALL(IF(MID(B21,ROW($1:$30),1)=" ",ROW($1:$30),""),2)))} -> #NUM!
J22: {=LEFT(B22,SEARCH(" ",B22,SMALL(IF(MID(B22,ROW($1:$30),1)=" ",ROW($1:$30),""),2)))} -> #NUM!
J23: {=LEFT(B23,SEARCH(" ",B23,SMALL(IF(MID(B23,ROW($1:$30),1)=" ",ROW($1:$30),""),2)))} -> #NUM!
... J79: {=LEFT(B79,SEARCH(" ",B79,SMALL(IF(MID(B79,ROW($1:$30),1)=" ",ROW($1:$30),""),2)))} -> #NUM!

Sheet devis
B3: article choix dans liste | C3: description choix dans liste | D3: description détaillé | E3: Quantité choix dans liste | F3: Prix unitaire | G3: Remise/code promotionnel | H3: Total
B4: BOITIER DVD | C4: Boitier DVD CD | D4: =INDEX(colb,MATCH(devis!$C4,abrégé,0)) -> BOITIER DVD AVEC CD Boitier DVD CD rondelle quadri avec jacquette deux faces quadri et plateau transparent Cello transport | E4: 300 | F4: =SUMPRODUCT((colj=B4)*(abrégé=C4)*(quantité=E4)*(tarif))/E4 -> 1.3333333 | G4: 0.2 | H4: =(F4-G4)*E4 -> 340
B5: boitier cristal | C5: livret 20 faces | D5: =INDEX(colb,MATCH(devis!$C5,abrégé,0)) -> boitier cristal CD rondelle quadri + livret 20 faces quadri avec jacquette deux faces quadri et plateau transparent Cello transport | E5: 1000 | F5: =SUMPRODUCT((colj=B5)*(abrégé=C5)*(quantité=E5)*(tarif))/E5 -> 0.2 | H5: =(F5-G5)*E5 -> 200
B6: MINT PACK | C6: Mint Pack | D6: =INDEX(colb,MATCH(devis!$C6,abrégé,0)) -> MINT PACK Produit imprimé tout en quadri, tranche intérieure comprise, rondelle de CD quadri Cello transport | E6: 300 | F6: =SUMPRODUCT((colj=B6)*(abrégé=C6)*(quantité=E6)*(tarif))/E6 -> 1.6666667 | H6: =(F6-G6)*E6 -> 500
B7: boitier cristal | C7: livret 8 faces poster | D7: =INDEX(colb,MATCH(devis!$C7,abrégé,0)) -> boitier cristal CD rondelle quadri + livret 8 faces poster quadri avec jacquette deux faces quadri et plateau transparent Cello transport | E7: 2000 | F7: =SUMPRODUCT((colj=B7)*(abrégé=C7)*(quantité=E7)*(tarif))/E7 -> 0.7 | H7: =(F7-G7)*E7 -> 1400
B8: boitier cristal | C8: livret 8 faces | D8: =INDEX(colb,MATCH(devis!$C8,abrégé,0)) -> boitier cristal CD rondelle quadri + livret 8 faces quadri avec jacquette deux faces quadri et plateau transparent Cello transport | E8: 300 | F8: =SUMPRODUCT((colj=B8)*(abrégé=C8)*(quantité=E8)*(tarif))/E8 -> 1 | H8: =(F8-G8)*E8 -> 300
G9: Sous-total de facture | H9: =SUBTOTAL(109,devis!$H$4:$H$8) -> 2740
G10: Taux TVA | H10: 0.2
G11: TVA | H11: =(H9*(1+H10))-H9 -> 548
G12: Total | H12: =H9+H11 -> 3288

Sheet param
A1: liste1
A2: {=OFFSET('tarifs '!J$2,MATCH(0,COUNTIF(A$1:A1,colj),0),)} -> boitier cristal
A3: {=OFFSET('tarifs '!J$2,MATCH(0,COUNTIF(A$1:A2,colj),0),)} -> BOITIER DVD
A4: {=OFFSET('tarifs '!J$2,MATCH(0,COUNTIF(A$1:A3,colj),0),)} -> MINT PACK
A5: {=OFFSET('tarifs '!J$2,MATCH(0,COUNTIF(A$1:A4,colj),0),)} -> #N/A
A6: {=OFFSET('tarifs '!J$2,MATCH(0,COUNTIF(A$1:A5,colj),0),)} -> #N/A
A7: {=OFFSET('tarifs '!J$2,MATCH(0,COUNTIF(A$1:A6,colj),0),)} -> #N/A
A8: {=OFFSET('tarifs '!J$2,MATCH(0,COUNTIF(A$1:A7,colj),0),)} -> #N/A
A9: {=OFFSET('tarifs '!J$2,MATCH(0,COUNTIF(A$1:A8,colj),0),)} -> #N/A
A10: {=OFFSET('tarifs '!J$2,MATCH(0,COUNTIF(A$1:A9,colj),0),)} -> #N/A
A11: {=OFFSET('tarifs '!J$2,MATCH(0,COUNTIF(A$1:A10,colj),0),)} -> #N/A
A12: {=OFFSET('tarifs '!J$2,MATCH(0,COUNTIF(A$1:A11,colj),0),)} -> #N/A
A13: {=OFFSET('tarifs '!J$2,MATCH(0,COUNTIF(A$1:A12,colj),0),)} -> #N/A
... A16: {=OFFSET('tarifs '!J$2,MATCH(0,COUNTIF(A$1:A15,colj),0),)} -> #N/A
